 Dungeon Crawl Stone Soup version 0.20.1-1-g8b1a95d (webtiles) character file.

336 Ib0110 the Skirmisher (level 6, -5/48 HPs)
             Began as a Demonspawn Abyssal Knight on Nov 2, 2017.
             Was a Believer of Lugonu.
             Splashed by a jelly's acid (8 damage)
             ... in the Ecumenical Temple.
             The game lasted 00:31:08 (5123 turns).

Ib0110 the Skirmisher (Demonspawn Abyssal Knight)   Turns: 5123, Time: 00:31:12

Health: -5/48      AC:  3    Str: 14    XL:     6   Next: 28%
Magic:  8/8        EV: 10    Int: 14    God:    Lugonu [**....]
Gold:   196        SH:  3    Dex: 12    Spells: 5/5 levels left

rFire    . . .     SeeInvis .   a - +1 hand axe
rCold    + . .     Gourm    .   h - +0 buckler
rNeg     . . .     Faith    .   u - +1 ring mail
rPois    .         Spirit   .   (no helmet)
rElec    .         Reflect  .   (no cloak)
rCorr    .         Harm     .   D - +0 pair of gloves
MR       .....                  (no boots)
Stlth    ++........             (no amulet)
Regen    0.2/turn               (no ring)
MPRegen  0.2/turn               (no ring)

@: corroded
A: cold resistance 1, nightstalker 1
a: Depart the Abyss, Bend Space, Renounce Religion


You were in the Ecumenical Temple.
You worshipped Lugonu.
Lugonu was pleased with you.
You were not hungry.

You visited 2 branches of the dungeon, and saw 6 of its levels.
You visited the Abyss 1 time.

You collected 196 gold pieces.

Inventory:

Hand Weapons
 a - a +1 hand axe (weapon)
 e - a +0 club
 k - a +0 dagger
 n - a +0 club
 o - a +0 club
 p - a +0 whip
 r - a +0 whip
 s - a +0 hunting sling
 z - a +0 falchion
 A - a +0 hunting sling
 C - a +0 hunting sling
 F - a +0 dagger of flaming
Missiles
 d - 164 stones (quivered)
 g - 27 poisoned needles
 i - 40 bolts
 m - 35 arrows
 w - 6 needles of frenzy
Armour
 b - a +1 leather armour
 h - a +0 buckler (worn)
 l - a +0 pair of gloves
 q - a +0 leather armour
 t - a +0 leather armour
 u - a +1 ring mail (worn)
 x - a +0 robe
 y - a +0 robe
 D - a +0 pair of gloves (worn)
 E - a +0 robe
 H - a +0 chain mail
 J - a +0 robe
Scrolls
 f - a scroll of remove curse
 v - a scroll of fog
Potions
 B - a potion of ambrosia
 G - a potion of magic
Comestibles
 c - a bread ration


   Skills:
 + Level 4.0 Fighting
 + Level 0.1 Long Blades
 + Level 4.0 Axes
 + Level 3.0 Armour
 + Level 1.9 Dodging
 + Level 1.2 Stealth
 + Level 0.8 Shields
 + Level 2.7 Invocations


You had 5 spell levels left.
You didn't know any spells.

Dungeon Overview and Level Annotations

Branches:
Dungeon (5/15)             Temple (1/1) D:5

Altars:
Ashenzari
Cheibriados
Elyvilon
Fedhas
Gozag
Hepliaklqana
Kikubaaqudgha
Makhleb
Nemelex Xobeh
Qazlal
Ru
Sif Muna
Trog
Uskayaw
Xom
The Shining One


Innate Abilities, Weirdness & Mutations

Your flesh is cold resistant. (rC+)
You are slightly more attuned to the shadows.


Message History

The jelly is lightly wounded.
The jelly hits you.
You are splashed with acid!
The acid burns!
You hit the jelly.
Your hands burn!
The jelly is moderately wounded.
The jelly hits you but does no damage.
You hit the jelly.
Your hands burn!
* * * LOW HITPOINT WARNING * * *
The jelly is severely wounded.
You block the jelly's attack.
You hit the jelly. The acid corrodes you!
Your hands burn!
* * * LOW HITPOINT WARNING * * *
The jelly is severely wounded.
The jelly hits you but does no damage.
You hit the jelly.
Your hands burn!
* * * LOW HITPOINT WARNING * * *
The jelly is severely wounded.
The jelly hits you.
* * * LOW HITPOINT WARNING * * *
You are splashed with acid!
The acid burns!
You die...

#...._............
#.................
##................ .
##...........<... ♣.
##................ ...
#................. ♣...
#...._............
.....#.J...............
♣....#@..._............
♣....#.................
.....##................
......##...............
.......######..._......
......... ♣........


You could see a jelly.

Vanquished Creatures
  An ogre (D:4)
  A scorpion (D:5)
  A hound (D:4)
  A bullfrog skeleton (D:4)
  A worker ant (D:4)
  A hound skeleton (D:4)
  2 adders
  A river rat (D:3)
  A worm (D:4)
  2 dart slugs
  3 leopard geckos
  6 orcs
  6 giant cockroaches
  9 goblins
  3 hobgoblins (D:1)
  2 jackals
  10 kobolds
  A ball python (D:3)
  5 bats (D:1)
  4 frilled lizards
  12 rats
73 creatures vanquished.

Notes
Turn   | Place    | Note
-------+----------+-------------------------------------------
     0 | Abyss:1  | Ib0110 the Demonspawn Abyssal Knight began the quest for the Orb.
     0 | Abyss:1  | Reached XP level 1. HP: 18/18 MP: 2/2
    12 | Abyss:1  | Found a corrupted altar of Lugonu.
    21 | D:1      | Escaped the Abyss
   231 | D:1      | Found a shattered altar of Ashenzari.
   434 | D:1      | Gained mutation: Your flesh is cold resistant. (rC+) [demonic ancestry]
   434 | D:1      | Reached XP level 2. HP: 19/24 MP: 3/3
  1549 | D:2      | Reached skill level 1 in Dodging
  1568 | D:2      | Found a blossoming altar of Fedhas.
  1577 | D:2      | Reached XP level 3. HP: 29/29 MP: 4/4
  1653 | D:2      | Found a stormy altar of Qazlal.
  1655 | D:2      | Reached ** piety under Lugonu
  2333 | D:3      | Found a blossoming altar of Fedhas.
  3064 | D:3      | Reached XP level 4. HP: 35/35 MP: 5/5
  3625 | D:4      | Gained mutation: You are slightly more attuned to the shadows. [demonic ancestry]
  3625 | D:4      | Reached XP level 5. HP: 38/41 MP: 7/7
  3661 | D:4      | Noticed an ogre
  3672 | D:4      | Killed an ogre
  3672 | D:4      | Reached skill level 1 in Stealth
  4328 | D:4      | Reached XP level 6. HP: 35/48 MP: 8/8
  4733 | D:5      | Entered Level 5 of the Dungeon
  4733 | D:5      | Found a staircase to the Ecumenical Temple.
  4864 | Temple   | Entered the Ecumenical Temple
  5123 | Temple   | Splashed by a jelly's acid

Skill      XL: |  1  2  3  4  5  6 |
---------------+-------------------+-----
Armour         | 2 3 |  3.0
Axes           | 2 3 4 |  4.0
Dodging        | 1 |  1.9
Stealth        | 1 |  1.2
Fighting       | 4 |  4.0
Long Blades    | |  0.1
Shields        | |  0.8
Invocations    | |  2.7

Action                   |  1- 3 |  4- 6 || total
-------------------------+-------+-------++-------
Melee: Hand axe          |   169 |   106 ||   275
       Falchion          |       |    18 ||    18
Throw: Stone             |     1 |       ||     1
Invok: Bend Space        |     2 |     1 ||     3
  Use: Scroll            |    12 |     3 ||    15
       Potion            |     3 |     3 ||     6
  Eat: Chunk             |     4 |     1 ||     5
       Fruit             |     2 |       ||     2
       Bread ration      |     1 |     1 ||     2
Armor: Leather armour    |    36 |       ||    36
       Ring mail         |    50 |    68 ||   118
Dodge: Dodged            |   124 |    91 ||   215
Block: Buckler           |    17 |    32 ||    49
       Rpst.: Falchion   |       |     5 ||     5
